 Dungeon Crawl Stone Soup version 0.30.0 (webtiles) character file.

Game seed: 2050528209704566120

1105 Minorbread the Conjurer (level 8, -1/41 HPs)
             Began as a Deep Elf Conjurer on May 24, 2023.
             Was a Priest of Vehumet.
             Killed from afar by a steam dragon (21 damage)
             ... with a ball of steam
             ... on level 7 of the Dungeon.
             The game lasted 00:15:33 (6860 turns).

Minorbread the Conjurer (Deep Elf Conjurer)         Turns: 6860, Time: 00:15:34

Health: -1/41      AC:  4    Str:  4    XL:     8   Next: 11%
Magic:  15/26      EV: 12    Int: 26    God:    Vehumet [***...]
Gold:   252        SH:  0    Dex: 13    Spells: 1/17 levels left

rFire   . . .        i - +0 short sword (venom)
rCold   . . .        (no shield)
rNeg    . . .        a - +0 robe
rPois   .            p - +0 helmet
rElec   .            (no cloak)
rCorr   .            (no gloves)
SInv    .            t - +0 pair of boots
Will    .....        (no amulet)
Stlth   ++           B - ring of magical power
HPRegen 0.26/turn    (no ring)
MPRegen 0.20/turn

%: no passive effects
@: no status effects
A: no striking features
a: Renounce Religion


You were on level 7 of the Dungeon.
You worshipped Vehumet.
Vehumet was most pleased with you.
You visited 2 branches of the dungeon, and saw 10 of its levels.
You also visited: Sewer.

You collected 252 gold pieces.

Inventory:

Hand Weapons
 i - a +0 short sword of venom (weapon)
Missiles
 l - a throwing net
Armour
 a - a +0 robe (worn)
 p - a +0 helmet (worn)
 t - a +0 pair of boots (worn)
Magical Staves
 f - a staff of air
 j - a staff of earth
Jewellery
 B - a ring of magical power (left hand)
Wands
 q - a wand of polymorph (8)
 A - a wand of charming (14)
Scrolls
 c - 2 scrolls of poison
 e - a scroll of teleportation
 n - a scroll of fear
 u - a scroll of torment {unknown}
 w - a scroll of enchant weapon
 y - a scroll of amnesia
 z - a scroll of blinking
Potions
 b - 2 potions of magic
 d - 4 potions of attraction
 g - a potion of resistance {unknown}
 h - 2 potions of mutation {unknown}
 m - 3 potions of haste
 o - 2 potions of ambrosia {unknown}
 r - a potion of brilliance {unknown}
 s - 4 potions of might {unknown}
 v - a potion of flight {unknown}
 x - 3 potions of curing {unknown}


   Skills:
 - Level 2.4 Dodging
 - Level 2.4 Stealth
 - Level 5.0 Spellcasting
 + Level 7.4 Conjurations
 - Level 5.0 Translocations
 + Level 5.7 Fire Magic


You had one spell level left.
You knew the following spells:

 Your Spells              Type           Power      Damage    Failure   Level
a - Magic Dart            Conj           100%       1d8       1%          1
b - Searing Ray           Conj           90%        2d7       1%          2
c - Iskenderun's Mystic   Conj/Tloc      38%        2d9       1%          4
d - Fireball              Conj/Fire      20%        3d10      4%          5
e - Sticky Flame          Conj/Fire      40%        2d6       1%          4

Your spell library contained the following spells:

 Spells                   Type           Power      Damage    Failure   Level
 Hailstorm                Conj/Ice       25%        3d7       1%          3
 Foxfire                  Conj/Fire      100%       2x1d9     1%          1
 Dazzling Flash           Conj/Hex       50%        N/A       1%          3
 Ignite Poison            Fire/Tmut/Pois 16%        N/A       3%          3
 Fulminant Prism          Conj/Hex       12%        3d9       4%          4
 Vhi's Electric Charge    Tloc/Air       38%        N/A       9%          3
 Arcjolt                  Conj/Air       12%        1d22      13%         5
 Starburst                Conj/Fire      20%        6d7       21%         6
 Summon Lightning Spire   Summ/Air       6%         N/A       58%         4
 Plasma Beam              Fire/Air       10%        2x1d23    63%         6
 Simulacrum               Ice/Necr       3%         N/A       100%        6
 Ozocubu's Refrigeration  Ice            3%         4d8       100%        7
 Storm Form               Tmut/Air       3%         N/A       100%        7
 Ignition                 Fire           18%        3d7       100%        8
 Maxwell's Capacitive Co  Air            3%         ∞         100%        8
 Polar Vortex             Ice            3%         N/A       100%        9


Dungeon Overview and Level Annotations

Branches:
Dungeon (9/15)             Temple (1/1) D:4           Sewer (visited)
   Lair: D:8-11         Orc: D:9-12

Altars:
Cheibriados
Dithmenos
Elyvilon
Gozag
Hepliaklqana
Makhleb
Ru
Uskayaw
Vehumet
Yredelemnul
The Shining One

Shops:
D:1 =([*   D:2 =


Message History

You kill the bullfrog!
Vehumet accepts your kill. (Press . to maintain the ray.)
You start resting.
HP restored.
Magic restored.
A steam dragon comes into view.
Casting: Searing Ray (safe; 1% risk of failure)
Confirm with . or Enter, or press ? or * to list all spells.
Aiming: Searing Ray (safe; 1% risk of failure)
Press: ? - help, Shift-Dir - straight line, f - steam dragon
Aim: a steam dragon (82% to hit)
The searing ray hits the steam dragon.
The steam dragon is lightly wounded. (Press . to maintain the ray.)
The searing ray hits the steam dragon.
The steam dragon is moderately wounded.
The steam dragon breathes steam at you. The ball of steam misses you.
You hear an angry hiss.
The searing ray hits the steam dragon.
The steam dragon is moderately wounded.
You are engulfed in a cloud of scalding steam.
Casting: Searing Ray (safe; 1% risk of failure)
Confirm with . or Enter, or press ? or * to list all spells.
You erupt in a blast of force!
The mystic blast hits the steam dragon!
The steam dragon is almost dead.
You are engulfed in a cloud of scalding steam.
A steam dragon comes into view.
The steam dragon bites you. The steam dragon claws you.
Casting: Iskenderun's Mystic Blast (dangerous; 1% risk of failure)
Confirm with . or Enter, or press ? or * to list all spells.
You erupt in a blast of force!
The mystic blast hits the steam dragon!
You kill the steam dragon!
Vehumet accepts your kill.
The steam dragon scales are intact enough to wear.
The steam dragon breathes steam at you. The ball of steam hits you!!
Ouch! That really hurt!
You die...

####### #.....####++#
#.####.##...##
#.##..........
#.##.#.####### .
#....#.# ..D
##..#...####
..?..#####..##......####
.....§§@...##..........>
.....§[#..##.#.##.......
.....§...##..#..........
.....§..##.# #........>.
........#.# #..#....>..
........#. #..........
........ #.....#....
........ o.######## ###


There were no monsters in sight!

Vanquished Creatures
  A steam dragon (D:7)
  3 bullfrogs
  A scorpion (D:5)
  3 quasits (D:5)
  3 hounds (D:5)
  3 orc priests
  3 iguanas
  2 orc wizards
  A gnoll (D:9)
  14 adders
  4 river rats (D:5)
  4 shadow imps (D:5)
  3 white imps (D:5)
  7 ufetubi (D:5)
  4 worms
  4 dart slugs
  19 orcs
  17 ball pythons
  10 endoplasms
  11 giant cockroaches
  9 goblins
  2 hobgoblins
  10 jackals
  7 kobolds
  13 quokkas
  4 bats
  14 frilled lizards
  9 rats
185 creatures vanquished.

Vanquished Creatures (others)
  4 demonic plants (D:5)
  2 plants (D:2)
6 creatures vanquished.

Grand Total: 191 creatures vanquished

Notes
Turn   | Place    | Note
-------+----------+-------------------------------------------
     0 | D:1      | Minorbread the Deep Elf Conjurer began the quest for the
                  | Orb.
     0 | D:1      | Reached XP level 1. HP: 10/10 MP: 6/6
    23 | D:1      | Found Naoliaf's Assorted Antiques.
    97 | D:1      | Found Tanuxah's Armour Shop.
   467 | D:1      | Found Suileuq's Jewellery Shoppe.
   488 | D:1      | Reached XP level 2. HP: 15/15 MP: 4/8
   575 | D:1      | Found Rizesaca's Antique Weapon Shoppe.
   681 | D:1      | Learned a level 2 spell: Searing Ray
   737 | D:1      | Found a faded altar of an unknown god.
  1000 | D:1      | Reached skill level 5 in Conjurations
  1000 | D:1      | Reached XP level 3. HP: 19/19 MP: 7/10
  1998 | D:2      | Found Bunemnaw's Jewellery Shop.
  2440 | D:3      | Reached XP level 4. HP: 24/24 MP: 10/12
  2485 | D:3      | Learned a level 4 spell: Iskenderun's Mystic Blast
  3143 | D:4      | Noticed an ice beast
  3153 | D:4      | Reached skill level 5 in Spellcasting
  3181 | D:4      | Reached skill level 1 in Translocations
  3343 | D:4      | Reached XP level 5. HP: 11/28 MP: 10/14
  3432 | D:4      | Found an opulent altar of Gozag.
  3517 | D:4      | Learned a level 5 spell: Fireball
  3790 | D:4      | Found a staircase to the Ecumenical Temple.
  3796 | Temple   | Entered the Ecumenical Temple
  3805 | Temple   | Became a worshipper of Vehumet
  3893 | D:4      | Reached skill level 6 in Conjurations
  3893 | D:4      | Reached skill level 1 in Fire Magic
  4037 | D:5      | Entered Level 5 of the Dungeon
  4049 | D:5      | Found a shadowy altar of Dithmenos.
  4109 | D:5      | Reached XP level 6. HP: 32/32 MP: 5/15
  4357 | D:5      | Found a glowing drain.
  4362 | Sewer    | Entered a sewer
  4410 | Sewer    | Reached * piety under Vehumet
  4410 | Sewer    | Offered knowledge of Shock by Vehumet.
  4956 | Sewer    | Reached ** piety under Vehumet
  4956 | Sewer    | Offered knowledge of Sandblast by Vehumet.
  5042 | Sewer    | Reached XP level 7. HP: 21/36 MP: 11/16
  5398 | D:5      | Reached skill level 7 in Conjurations
  5685 | D:5      | Offered knowledge of Hailstorm by Vehumet.
  5742 | D:5      | Reached skill level 5 in Translocations
  5806 | D:5      | Learned a level 4 spell: Sticky Flame
  5874 | D:5      | Reached skill level 5 in Fire Magic
  6303 | D:5      | Reached *** piety under Vehumet
  6392 | D:6      | Reached XP level 8. HP: 32/41 MP: 10/17
  6510 | D:6      | You fall into a shaft and drop 3 floors!
  6860 | D:7      | Killed from afar by a steam dragon

Illustrated notes

Levels and vault maps discovered:
D:1:      denvon_arrival_waterhouse, layout_basic,
          hellmonk_ecumenical_altar_pennies_from_heaven, serial_shops,
          nicolae_shop_tiny_waterfront, nicolae_diamond_shop,
          nicolae_shop_trees, shop, minmay_bisected
D:2:      layout_basic, serial_forest, infiniplex_forest_end_2,
          infiniplex_forest_lined_corner, infiniplex_forest_end_2,
          infiniplex_forest_clump_curved, serial_shops, shop,
          hangedman_glass_teeth
D:3:      layout_basic
D:4:      layout_cave_pools, general_overflow_altar,
          minmay_temple_entry_enclosed_plants
D:5:      cheibrodos_quashed, layout_loops_ring,
          grunt_dithmenos_smoke_and_mirrors, serial_demonic, serial_demonic_f,
          serial_demonic_f, serial_demonic_b, serial_demonic_d,
          serial_demonic_a, serial_demonic_b, serial_demonic_f,
          serial_demonic_d, serial_demonic_g, serial_demonic_e,
          lightli_sewer_entry_pipes
D:6:      layout_loops_ring, mainiacjoe_overflow_alcove_1
D:7:      layout_loops_cross, tgw_xom, kennysheep_cross_room, minivault_19,
          minmay_parallelograms
D:8:      layout_gridville, mainiacjoe_overflow_chevrons,
          mainiacjoe_overflow_boulevard, david_lair_shrubbed, serial_shops, shop
D:9:      layout_irregular_city, gammafunk_temple_overflow_arena, zin_statuary,
          mainiacjoe_overflow_concentric_impassable
Temple:   nicolae_temple_ecumenical_triangle

Skill      XL: |  1  2  3  4  5  6  7 |
---------------+----------------------+-----
Spellcasting   | 4 5 |  5.0
Conjurations   | 5 6 7 |  7.4
Translocations | 1 2 3 5 |  5.0
Fire Magic     | 1 3 5 |  5.7
Dodging        | |  2.4
Stealth        | |  2.4

Action                     |  1- 3 |  4- 6 |  7- 9 || total
---------------------------+-------+-------+-------++-------
  Melee: Short sword       |       |    11 |       ||    11
   Cast: Magic Dart        |    74 |   121 |    52 ||   247
         Searing Ray       |     1 |    26 |    21 ||    48
         Fireball          |       |       |     2 ||     2
         Iskenderun's Myst |       |       |     3 ||     3
    Use: Scroll            |       |    11 |     2 ||    13
 Armour: Robe              |     1 |     2 |    20 ||    23
  Dodge: Dodged            |     1 |    13 |    34 ||    48
